 Dungeon Crawl Stone Soup version 0.28-a0-1404-g4df0f3684d (webtiles) character file.

Game seed: 12282390150277323013

48 flotson the Chopper (level 3, -2/28 HPs)
             Began as a Demonspawn Gladiator on Jan 5, 2022.
             Slain by an orc priest (7 damage)
             ... on level 3 of the Dungeon.
             The game lasted 00:01:45 (2116 turns).

flotson the Chopper (Demonspawn Gladiator)          Turns: 2116, Time: 00:01:45

Health: -2/28      AC:  8    Str: 16    XL:     3   Next: 50%
Magic:  3/3        EV: 11    Int: 12    God:
Gold:   19         SH:  0    Dex: 14    Spells: 2/2 levels left

rFire   . . .      SeeInvis .   a - +0 war axe
rCold   . . .      Faith    .   (no shield)
rNeg    . . .      Spirit   .   l - +0 ring mail
rPois   .          Reflect  .   k - +2 helmet {Int+3}
rElec   .          Harm     .   (no cloak)
rCorr   .          Rampage  .   (no gloves)
Will    .....                   (no boots)
Stlth   +.........              (no amulet)
HPRegen 0.09/turn               (no ring)
MPRegen 0.16/turn               (no ring)

@: no status effects
A: magic regeneration
a: no special abilities


You were on level 3 of the Dungeon.
You visited 1 branch of the dungeon, and saw 3 of its levels.

You collected 19 gold pieces.

Inventory:

Hand Weapons
 a - a +0 war axe (weapon)
Missiles
 d - 3 throwing nets (quivered)
 j - 2 curare-tipped darts
Armour
 k - a +2 helmet of intelligence (worn)
 l - a +0 ring mail (worn)
Scrolls
 b - a scroll of noise {unknown}
 h - 2 scrolls of identify {unknown}
 m - a scroll of holy word {unknown}
Potions
 c - 3 potions of curing {unknown}
 e - a potion of mutation {unknown}
 f - 2 potions of lignification {unknown}
 g - a potion of might {unknown}
 i - 2 potions of brilliance {unknown}


   Skills:
 + Level 2.4 Fighting
 + Level 3.0 Axes
 + Level 2.2 Throwing
 + Level 1.0 Armour
 + Level 3.0 Dodging


You had 2 spell levels left.
You didn't know any spells.
Your spell library was empty.

Dungeon Overview and Level Annotations

Branches:
Dungeon (3/15)

Altars:


Innate Abilities, Weirdness & Mutations

You regenerate magic rapidly.


Message History

An orc priest comes into view. It is wielding a +0 hand axe.
The orc closely misses you.
The orc priest shouts!
You hit the orc but do no damage.
You hear a shout!
The orc barely misses you.
An orc comes into view. It is wielding a +0 flail.
You slash the orc!
You kill the orc!
The orc priest casts a cantrip, but nothing happens.
Things that are here:
a +0 club; an orc corpse You closely miss the orc priest.
The orc priest invokes the aid of Beogh against you.
Beogh smites you!
You closely miss the orc priest.
The orc priest hits you with a +0 hand axe.
The orc priest invokes the aid of Beogh against you.
Pain shoots through your body!
* * * LOW HITPOINT WARNING * * *
You are too injured to fight recklessly!
You are too injured to fight recklessly!
You are too injured to fight recklessly!
You are too injured to fight recklessly!
You are too injured to fight recklessly!
You are too injured to fight recklessly!
You are too injured to fight recklessly!
You hit the orc priest but do no damage.
The orc priest barely misses you.
You hit the orc priest but do no damage.
The orc priest closely misses you.
You barely miss the orc priest.
You punch the orc priest, but do no damage.
The orc priest hits you with a +0 hand axe.
* * * LOW HITPOINT WARNING * * *
The orc priest completely misses you.
You hit the orc priest.
The orc priest is lightly wounded.
The orc priest hits you with a +0 hand axe!
You die...

#....>....#
..........#
#.........# .##
####....###....#
#............
#....###.....
####.# ..# #..#
# #@## #o# #o#
#.# ... #.# #.#
..#


You could see an orc priest and an orc.

Vanquished Creatures
  An adder (D:2)
  A dart slug (D:2)
  An orc (D:3)
  4 ball pythons
  6 endoplasms
  4 giant cockroaches
  3 goblins
  3 hobgoblins
  A quokka (D:3)
  A bat (D:1)
  A frilled lizard (D:1)
  5 kobolds
  A rat (D:2)
32 creatures vanquished.

Vanquished Creatures (others)
  7 plants (D:1)
7 creatures vanquished.

Grand Total: 39 creatures vanquished

Notes
Turn   | Place    | Note
-------+----------+-------------------------------------------
     0 | D:1      | flotson the Demonspawn Gladiator began the quest for the
                  | Orb.
     0 | D:1      | Reached XP level 1. HP: 16/16 MP: 1/1
   196 | D:1      | Gained mutation: You regenerate magic rapidly. [demonic
                  | ancestry]
   196 | D:1      | Reached XP level 2. HP: 19/22 MP: 2/2
  1207 | D:2      | Reached XP level 3. HP: 16/28 MP: 3/3
  1554 | D:2      | Reached skill level 1 in Armour
  2116 | D:3      | Slain by an orc priest

Illustrated notes

Levels and vault maps discovered:
D:1:      matt_arrival_diagonals, layout_loops_corners, serial_bayou,
          serial_bayou_pond_a, serial_bayou_pond_b, serial_bayou_shore_b,
          serial_bayou_lagoon_a
D:2:      layout_basic
D:3:      minmay_evil_eye, layout_loops_ring, nicolae_uskayaw_dance_hall,
          elyvilon_altar_3, ebering_ecumenical_altar_webs

Skill      XL: |  1  2  3 |
---------------+----------+-----
Throwing       | 2 |  2.2
Axes           | 3 |  3.0
Armour         | 1 |  1.0
Dodging        | 3 |  3.0
Fighting       | |  2.4

Action                   || total
-------------------------++-------
Melee: War axe           ||    87
       Punch             ||     2
Armor: Leather armour    ||    18
       Ring mail         ||    12
Dodge: Dodged            ||    65

Table legend: (Time is in decaauts)
 A = Elapsed time spent in this place.
 B = Non-inter-level travel time spent in this place.
 C = Inter-level travel time spent in this place.
 D = Time resting spent in this place.
 E = Time spent auto-exploring this place.
 F = Levels seen in this place.
 G = Mean time per level.
                   A        B        C        D        E       F      G
               +--------+--------+--------+--------+--------+-----+--------+
         Total |   2155 |   2062 |     93 |      0 |   1773 |   3 |  718.3 |
       Dungeon |   2155 |   2062 |     93 |      0 |   1773 |   3 |  718.3 |
               +--------+--------+--------+--------+--------+-----+--------+

Top non-repeatable levels by time:
     D:1: 1206 daAuts
     D:2: 881 daAuts
     D:3: 67 daAuts
